Map: Lexiphanicism CE

Players

WarpigxxxL

  • Race: Zerg Zerg
  • Spawn Location: 1:00

dwduck

  • Race: Protoss Protoss
  • Spawn Location: 1:00

xBenx

  • Race: Zerg Zerg
  • League: Gold
  • Spawn Location: 1:00

Jorge

  • Race: Terran Terran
  • Spawn Location: 1:00

zergelint

  • Race: Protoss Protoss
  • Spawn Location: 7:00

Ferdupe

  • Race: Terran Terran
  • Spawn Location: 7:00

tuxtla

  • Race: Protoss Protoss
  • Spawn Location: 7:00

anhai

  • Race: Protoss Protoss
  • Spawn Location: 7:00

VOD

Have the link to the VOD?

Description

anhai, tuxtla, Ferdupe, zergelint, vs Jorge, xBenx, dwduck, WarpigxxxL

Time

  • Played on: April 5, 2024, 2:27 p.m.
  • Length: 17:01
Show
View Real Time Build Order
Export as new Build Order

WarpigxxxL Zerg 

Build Orders: Pool First 

Get SALT Encoding   

  12  0:03  Drone  
  13  0:11  Extractor, Drone  
  13  0:16  Drone  
  14  0:25  Overlord  
  14  0:38  Overlord  
  14  0:43  Drone  
  15  0:53  Drone  
  16  1:13  Drone x2, Spawning Pool  
  17  1:23  Drone  
  17  1:25  Extractor  
  17  1:44  Drone  
  18  1:47  Drone  
  19  1:55  Drone  
  20  2:05  Lair  
  20  2:08  Drone  
  21  2:16  Hatchery  
  21  2:22  Drone  
  21  2:28  Evolution Chamber  
  20  2:31  Evolution Chamber  
  20  2:32  Drone  
  20  2:33  Drone  
  21  2:46  Drone  
  22  2:55  Zerg Melee Weapons Level 1  
  22  2:57  Zerg Ground Armor Level 1  
  22  3:00  Drone  
  23  3:10  Drone  
  23  3:12  Infestation Pit  
  23  3:23  Drone  
  24  3:28  Drone x2  
  26  3:35  Metabolic Boost  
  26  3:40  Drone x2  
  28  3:56  Drone  
  28  3:59  Drone  
  28  4:02  Drone  
  31  4:15  Hive  
  31  4:16  Drone  
  32  4:18  Drone  
  32  4:19  Hatchery  
  32  4:25  Drone x2  
  32  4:26  Drone  
  35  4:38  Overlord  
  35  4:43  Drone  
  35  4:44  Overlord  
  36  4:50  Overlord  
  36  4:58  Extractor  
  36  4:59  Drone, Overlord  
  36  5:02  Queen  
  36  5:05  Extractor  
  36  5:06  Drone x2  
  39  5:30  Zerg Melee Weapons Level 2  
  39  5:31  Zerg Ground Armor Level 2  
  39  5:33  Drone x5  
  39  5:34  Ultralisk Cavern  
  43  5:43  Drone x2  
  43  5:44  Drone  
  47  5:57  Drone x4  
  47  5:59  Viper  
  53  6:10  Zergling x2  
  54  6:12  Adrenal Glands  
  54  6:18  Drone x3  
  57  6:27  Drone x3  
  57  6:29  Extractor  
  57  6:30  Extractor  
  57  6:32  Drone  
  59  6:33  Drone  
  59  6:35  Queen x3  
  59  6:39  Chitinous Plating  
  66  6:43  Overlord  
  66  6:44  Overlord x2  
  66  6:56  Nydus Network  
  71  7:15  Ultralisk  
  71  7:17  Zergling x16  
  79  7:33  Nydus Network  
  78  7:44  Ultralisk  
  78  7:45  Nydus Network  
  78  7:46  Zergling x10  
  88  7:58  Anabolic Synthesis  
  88  8:03  Zerg Melee Weapons Level 3  
  88  8:07  Zerg Ground Armor Level 3  
  88  8:09  Overlord x3  
  88  8:10  Overlord x4  
  88  8:16  Nydus Canal  
  88  8:22  Overlord x2  
  88  8:23  Overlord x2  
  88  8:31  Pneumatized Carapace, Burrow  
  88  8:34  Zergling x2  
  88  8:35  Zergling x6  
  91  9:15  Ultralisk x3  
  91  9:16  Ultralisk  
  113  9:24  Hatchery  
  89  9:36  Viper  
  89  9:38  Ultralisk  
  96  9:39  Zergling x12  
  102  9:48  Nydus Canal  
  102  9:59  Ultralisk  
  107  10:09  Ultralisk  
  86  10:45  Ultralisk x4  
  106  10:58  Ultralisk  
  112  11:09  Drone x3  
  112  11:10  Drone x7  
  112  11:11  Drone  
  123  11:30  Ultralisk x2  
  123  11:32  Ultralisk  
  135  11:34  Zergling x4  
  131  11:52  Viper  
  130  11:54  Zergling x2  
  130  11:55  Zergling x12  
  136  12:09  Ultralisk x2  
  147  12:17  Zergling x10  
  147  12:18  Zergling x2  
  156  12:58  Ultralisk x3  
  156  12:59  Ultralisk x3  
  156  13:00  Zergling x2  
  156  13:01  Zergling x4  
  178  13:23  Ultralisk  
  178  13:24  Ultralisk  
  178  13:25  Zergling x2, Overlord x3  
  178  13:26  Overlord x5  
  94  14:42  Ultralisk x5  
  94  14:43  Ultralisk x4  
  161  14:45  Zergling x2  
  131  15:09  Ultralisk x3  
  131  15:10  Zergling x6  
  128  15:22  Spore Crawler  
  128  15:24  Spore Crawler x2  
  108  15:42  Ultralisk  
  108  15:43  Ultralisk  
  108  15:44  Overlord x2  
  108  15:45  Overlord x2  
  108  15:58  Nydus Canal  
  84  16:37  Overlord x2  
Show
View Real Time Build Order
Export as new Build Order

dwduck Protoss 

Build Orders: Carriers 

Get SALT Encoding   

  12  0:05  Probe  
  13  0:19  Pylon  
  13  0:27  Probe  
  14  0:39  Probe  
  14  0:41  Gateway  
  15  0:52  Probe  
  15  0:56  Forge  
  16  1:05  Probe  
  17  1:33  Pylon  
  17  1:34  Zealot  
  17  1:37  Pylon  
  19  1:41  Probe  
  20  1:53  Probe  
  21  2:00  Assimilator  
  21  2:02  Zealot, Assimilator  
  23  2:15  Cybernetics Core  
  23  2:24  Photon Cannon  
  23  2:29  Zealot, Photon Cannon  
  25  2:56  Zealot  
  27  3:16  Nexus  
  27  3:19  Pylon  
  27  3:23  Pylon  
  27  3:26  Pylon  
  27  3:40  Probe (Chrono Boost)  
  28  3:50  Probe (Chrono Boost)  
  28  3:55  Probe (Chrono Boost)  
  30  4:04  Photon Cannon  
  30  4:10  Photon Cannon  
  30  4:12  Photon Cannon  
  30  4:14  Photon Cannon  
  30  4:26  Pylon  
  30  4:29  Probe  
  30  4:30  Pylon  
  31  4:32  Pylon  
  31  4:39  Probe  
  31  4:41  Probe  
  33  4:51  Probe  
  34  4:53  Probe  
  35  5:05  Probe (Chrono Boost)  
  37  5:07  Probe (Chrono Boost)  
  37  5:16  Probe (Chrono Boost)  
  37  5:18  Stalker  
  40  5:21  Probe (Chrono Boost)  
  41  5:31  Probe  
  42  5:36  Stargate  
  42  5:39  Stargate  
  42  5:43  Probe  
  42  5:48  Stalker  
  42  5:49  Stargate  
  45  5:59  Probe  
  46  6:07  Assimilator  
  46  6:08  Assimilator  
  46  6:11  Probe  
  46  6:18  Stalker  
  49  6:23  Probe  
  50  6:30  Protoss Air Armor Level 1  
  50  6:36  Probe  
  55  6:43  Void Ray  
  55  6:48  Probe  
  56  7:03  Photon Cannon  
  56  7:04  Photon Cannon  
  56  7:16  Nexus  
  56  7:22  Photon Cannon  
  56  7:24  Photon Cannon  
  56  7:27  Photon Cannon  
  56  7:30  Shield Battery  
  56  7:32  Shield Battery  
  56  7:37  Shield Battery  
  56  7:47  Pylon  
  64  8:14  Void Ray (Chrono Boost)  
  64  8:15  Void Ray (Chrono Boost)  
  64  8:16  Void Ray (Chrono Boost)  
  72  8:50  Void Ray  
  72  8:54  Fleet Beacon  
  76  9:01  Void Ray  
  76  9:29  Twilight Council  
  76  10:06  Carrier  
  76  10:07  Carrier x2  
  56  11:05  Probe (Chrono Boost)  
  56  11:11  Carrier x2 (Chrono Boost)  
  69  11:16  Probe (Chrono Boost)  
  69  11:17  Probe x2 (Chrono Boost)  
  72  11:21  Probe (Chrono Boost)  
  72  11:25  Probe x2  
  75  11:31  Assimilator, Probe  
  76  11:35  Assimilator  
  76  11:37  Probe x2  
  78  11:43  Probe  
  79  11:49  Probe x2  
  81  12:01  Probe x2  
  83  12:12  Carrier (Chrono Boost)  
  56  12:54  Stalker  
  56  12:58  Carrier x2  
  55  13:09  Carrier  
Show
View Real Time Build Order
Export as new Build Order

xBenx Zerg 

Build Orders: Hatch First 

Get SALT Encoding   

  12  0:02  Drone  
  13  0:17  Overlord  
  13  0:33  Drone  
  14  0:36  Drone  
  15  0:51  Drone  
  15  0:54  Hatchery  
  15  1:19  Drone x2  
  15  1:21  Spawning Pool  
  15  1:24  Extractor  
  15  1:25  Drone  
  16  1:46  Drone x2  
  18  2:01  Drone  
  18  2:07  Drone  
  20  2:10  Drone  
  20  2:13  Drone  
  21  2:26  Drone  
  21  2:28  Queen  
  24  2:30  Queen  
  26  2:46  Drone  
  26  2:47  Drone  
  26  2:49  Extractor  
  27  2:54  Drone  
  27  2:56  Overlord x2  
  28  3:21  Drone x2  
  28  3:22  Drone  
  28  3:26  Zergling x4  
  33  3:32  Roach Warren  
  32  3:35  Drone  
  32  3:37  Drone x2, Spore Crawler  
  32  3:41  Spore Crawler  
  33  3:44  Hatchery  
  33  3:48  Lair  
  32  4:16  Drone x2, Evolution Chamber  
  33  4:17  Drone  
  33  4:18  Drone x2  
  33  4:19  Drone x4  
  33  4:21  Drone  
  41  4:45  Zergling x6  
  43  4:51  Infestation Pit  
  42  4:55  Spire  
  42  4:56  Drone x4  
  42  4:57  Drone  
  46  5:00  Extractor  
  46  5:01  Extractor  
  46  5:05  Overlord x2  
  46  5:06  Overlord  
  44  5:17  Spore Crawler  
  44  5:19  Spore Crawler  
  42  5:24  Drone x3  
  45  5:41  Spore Crawler  
  42  5:43  Spore Crawler  
  42  5:47  Spore Crawler  
  42  5:49  Queen  
  40  5:50  Queen  
  40  5:51  Drone, Spore Crawler  
  40  5:52  Drone x4  
  45  6:12  Corruptor x2  
  45  6:13  Corruptor  
  45  6:17  Drone  
  52  6:19  Overlord  
  52  6:23  Overseer  
  52  6:25  Pneumatized Carapace  
  52  6:31  Zerg Flyer Weapons Level 1  
  52  6:37  Mutalisk x2  
  52  6:38  Mutalisk  
  58  6:40  Overlord  
  58  7:04  Hatchery  
  58  7:06  Zerg Ground Armor Level 1  
  57  7:13  Drone x2  
  57  7:14  Drone x2  
  61  7:17  Drone  
  61  7:18  Corruptor  
  61  7:21  Hive  
  64  7:31  Overseer  
  64  7:33  Drone x3  
  67  7:45  Drone  
  67  7:48  Overlord x3  
  68  8:11  Drone x2  
  70  8:13  Unknown  
  70  8:15  Drone  
  70  8:16  Drone x2  
  70  8:18  Drone  
  70  8:19  Queen x2  
  77  8:29  Mutalisk x2, Corruptor x2  
  77  8:30  Mutalisk  
  87  8:41  Greater Spire  
  87  8:45  Spire  
  87  8:47  Spore Crawler  
  85  8:54  Queen  
  87  9:04  Spore Crawler  
  87  9:08  Spore Crawler  
  85  9:16  Mutalisk x3, Corruptor x2  
  79  10:01  Overlord x2  
  79  10:03  Overlord  
  79  10:11  Zergling x2  
  79  10:12  Zergling x4  
  79  10:14  Adrenal Glands  
  82  10:20  Spore Crawler  
  81  10:25  Spore Crawler  
  81  10:27  Zerg Flyer Weapons Level 2, Zerg Flyer Armor Level 1  
  80  10:49  Zerg Ground Armor Level 2  
  80  10:52  Drone x3  
  80  10:53  Drone x4  
  80  10:54  Drone x5  
  92  11:05  Overseer x2  
  92  11:07  Corruptor x3  
  92  11:09  Brood Lord x4  
  105  11:22  Hatchery  
  104  11:46  Metabolic Boost  
  104  11:58  Zergling x4  
  104  12:00  Overlord x3  
  82  12:36  Zergling x6  
  82  12:37  Zergling x34  
  86  12:38  Zergling x34  
  115  12:56  Overlord x4  
  114  13:06  Zerg Melee Weapons Level 1  
  109  13:13  Overseer x2  
  106  13:32  Zergling x2  
  106  13:33  Zergling x24  
  106  13:34  Zergling x22  
  98  14:13  Drone x3  
  98  14:16  Extractor  
  94  14:18  Extractor  
  94  14:20  Drone x2  
  94  14:21  Spore Crawler x3  
  94  14:23  Spore Crawler  
  89  14:35  Burrow  
  66  14:48  Lair  
  66  14:49  Drone x5  
  70  14:58  Zergling x2  
  70  14:59  Zergling x20  
  81  15:05  Overlord x3  
  81  15:06  Overlord x2  
  81  15:26  Spore Crawler  
  81  15:27  Spore Crawler  
  73  15:41  Zergling x2  
  72  15:47  Zergling x2  
  72  15:48  Zergling x28  
  75  15:58  Zergling x2  
  75  16:01  Hatchery  
  40  16:22  Extractor, Hatchery  
  40  16:23  Extractor  
  37  16:39  Spore Crawler  
  31  16:40  Spore Crawler  
Show
View Real Time Build Order
Export as new Build Order

Jorge Terran 

Build Orders:  

Get SALT Encoding   

  12  0:03  SCV  
  13  0:15  SCV  
  14  0:27  SCV, Supply Depot  
  15  0:48  SCV  
  16  0:51  Barracks  
  16  0:53  Refinery  
  16  0:55  Refinery  
  16  1:00  SCV  
  17  1:43  Command Center  
  17  1:48  Barracks Tech Lab  
  18  2:23  Orbital Command  
  17  2:33  Marauder  
  19  2:53  Factory  
  19  2:55  SCV  
  19  2:58  SCV  
  21  3:14  Concussive Shells  
  21  3:17  SCV  
  21  3:18  SCV  
  23  3:30  SCV x2  
  25  3:42  SCV x2  
  27  3:54  SCV  
  28  3:56  Combat Shield  
  28  3:59  SCV  
  29  4:07  Refinery  
  29  4:09  Refinery  
  29  4:29  Marauder  
  29  4:31  Factory Tech Lab  
  31  4:38  Barracks  
  31  4:41  Barracks  
  31  4:42  Barracks  
  31  4:44  Orbital Command, Engineering Bay  
  31  4:46  Engineering Bay  
  31  4:50  Marauder  
  33  5:15  Stimpack  
  33  5:33  Barracks Reactor x3  
  33  5:36  SCV x2  
  35  5:48  SCV x2  
  37  6:00  SCV  
  38  6:36  Terran Infantry Weapons Level 1, Terran Infantry Armor Level 1  
  38  6:41  SCV, Marine x3  
  38  6:43  SCV, Marine  
  38  6:58  Starport  
  38  6:59  Starport  
  38  7:02  Supply Depot  
  38  7:23  Marine x6  
  38  7:24  SCV x2  
  38  7:25  Supply Depot  
  46  7:38  Supply Depot  
  46  7:39  Supply Depot  
  46  7:46  Marine x4  
  46  7:47  Marauder, SCV x2  
  46  7:49  Supply Depot  
  54  7:51  Starport Reactor x2  
  54  8:00  SCV x2, Marine x2  
  54  8:03  Supply Depot  
  54  8:04  Marine x2  
  60  8:06  Command Center  
  60  8:08  Marauder  
  60  8:12  SCV x2  
  64  8:18  Marine  
  65  8:24  SCV x2  
  67  8:30  Marauder  
  67  8:32  Armory  
  69  8:35  Armory  
  69  8:36  SCV  
  70  8:46  Medivac  
  70  8:47  Medivac x3  
  78  8:51  Marauder  
  80  8:57  Supply Depot  
  80  9:00  Supply Depot x2  
  80  9:01  Supply Depot  
  80  9:03  Supply Depot  
  80  9:13  Marauder  
  80  9:16  Medivac  
  80  9:17  Medivac x2  
  84  9:19  Supply Depot  
  84  9:21  Refinery  
  84  9:22  Thor  
  84  9:24  Marine x6  
  94  9:31  Orbital Command  
  100  9:34  Terran Vehicle And Ship Armor Level 1, Marauder  
  100  9:38  Terran Vehicle Weapons Level 1  
  102  9:41  Marine  
  102  9:42  Marine x5  
  108  9:47  Refinery  
  108  9:55  Marauder  
  108  9:59  Marine  
  111  10:00  Marine x3  
  111  10:05  Marine  
  111  10:06  Marine  
  116  10:16  Marine  
  116  10:17  Marine  
  116  10:18  Marine x2  
  105  10:32  Marine  
  105  10:34  Medivac x4  
  88  10:54  Thor  
  94  11:04  Medivac x3  
  94  11:10  Terran Infantry Weapons Level 2, Terran Infantry Armor Level 2  
  100  11:14  Marauder  
  100  11:15  Marine  
  100  11:16  Marine x5  
  108  11:22  Supply Depot  
  108  11:24  Supply Depot  
  108  11:33  Marine  
  108  11:34  Marine x5  
  108  11:35  Marauder  
  108  11:37  Thor  
  122  11:46  Supply Depot  
  122  11:51  Marine  
  122  11:52  Marine x4  
  124  11:56  Marauder  
  126  12:02  Marine  
  127  12:09  Marine x4  
  127  12:10  Marine  
  132  12:18  Marauder  
  132  12:19  Marine  
  132  12:20  Thor  
  141  12:27  Marine x5  
  117  12:37  Marine  
  117  12:39  Marauder  
  104  12:45  Marine  
Show
View Real Time Build Order
Export as new Build Order

zergelint Protoss 

Build Orders:  

Get SALT Encoding   

  12  0:11  Pylon  
  12  0:25  Probe (Chrono Boost)  
  14  0:36  Probe (Chrono Boost)  
  14  0:40  Probe (Chrono Boost)  
  15  0:49  Forge  
  15  0:54  Pylon  
  15  0:56  Probe  
  16  1:08  Probe (Chrono Boost)  
  17  1:20  Probe (Chrono Boost)  
  18  1:28  Photon Cannon, Probe (Chrono Boost)  
  19  1:35  Probe  
  19  1:36  Pylon  
  21  1:47  Probe  
  21  2:00  Nexus  
  21  2:09  Photon Cannon  
  21  2:22  Photon Cannon  
  21  2:33  Probe (Chrono Boost)  
  22  2:43  Probe (Chrono Boost)  
  23  2:48  Probe (Chrono Boost)  
  24  2:59  Probe  
  24  3:02  Pylon  
  25  3:11  Probe (Chrono Boost)  
  27  3:16  Probe (Chrono Boost)  
  27  3:22  Probe (Chrono Boost)  
  27  3:26  Probe (Chrono Boost)  
  29  3:27  Probe (Chrono Boost)  
  29  3:31  Nexus  
  29  3:33  Photon Cannon  
  30  3:36  Probe  
  30  3:38  Pylon, Probe  
  32  3:48  Probe  
  33  3:50  Probe  
  33  3:54  Photon Cannon  
  34  4:00  Probe  
  34  4:02  Probe  
  36  4:06  Photon Cannon  
  36  4:10  Photon Cannon  
  36  4:12  Probe  
  36  4:14  Pylon, Probe  
  38  4:24  Probe  
  38  4:26  Probe  
  38  4:27  Pylon  
  40  4:32  Photon Cannon  
  40  4:36  Photon Cannon  
  40  4:37  Probe (Chrono Boost)  
  41  4:39  Photon Cannon  
  41  4:40  Probe (Chrono Boost)  
  41  4:44  Probe (Chrono Boost)  
  44  4:54  Probe (Chrono Boost)  
  44  4:55  Probe (Chrono Boost)  
  44  4:59  Probe (Chrono Boost)  
  45  5:02  Probe  
  47  5:07  Assimilator  
  47  5:09  Assimilator  
  47  5:10  Probe  
  47  5:13  Gateway  
  48  5:15  Probe  
  48  5:16  Assimilator  
  48  5:18  Assimilator  
  49  5:22  Probe  
  49  5:27  Probe  
  51  5:32  Pylon  
  51  5:34  Probe  
  52  5:39  Probe  
  53  5:44  Pylon  
  53  5:46  Probe  
  54  5:51  Probe  
  55  5:58  Probe  
  55  6:03  Probe  
  57  6:04  Photon Cannon  
  57  6:11  Probe  
  58  6:13  Nexus  
  58  6:15  Pylon  
  58  6:16  Pylon  
  58  6:19  Pylon  
  58  6:23  Probe (Chrono Boost)  
  59  6:28  Cybernetics Core  
  59  6:30  Protoss Shields Level 1  
  59  6:31  Cybernetics Core  
  59  6:32  Probe (Chrono Boost)  
  60  6:37  Probe (Chrono Boost)  
  61  6:46  Photon Cannon  
  61  6:47  Photon Cannon  
  61  6:49  Probe  
  61  6:50  Photon Cannon  
  61  6:52  Photon Cannon, Pylon  
  62  6:55  Photon Cannon  
  62  7:02  Assimilator  
  62  7:07  Pylon  
  62  7:10  Pylon  
  62  7:21  Stargate  
  62  7:23  Stargate  
  62  7:26  Stargate  
  62  7:28  Stargate  
  62  7:33  Stargate  
  62  7:35  Stargate  
  62  7:49  Protoss Air Weapons Level 1  
  62  7:51  Assimilator, Probe x2  
  64  7:59  Photon Cannon  
  64  8:01  Photon Cannon  
  64  8:03  Photon Cannon, Probe x2  
  66  8:09  Shield Battery  
  66  8:11  Shield Battery  
  66  8:14  Shield Battery  
  66  8:15  Probe x2  
  66  8:16  Pylon  
  66  8:19  Pylon  
  68  8:23  Nexus  
  68  8:27  Assimilator, Probe x2  
  70  8:37  Assimilator  
  70  8:39  Assimilator, Probe x2  
  72  8:49  Phoenix x4  
  72  8:50  Phoenix x2  
  72  8:51  Probe x2  
  86  9:02  Stargate  
  86  9:03  Probe x2  
  88  9:10  Fleet Beacon  
  88  9:14  Pylon, Phoenix x4  
  88  9:15  Probe  
  97  9:35  Phoenix x2  
  101  9:39  Phoenix x4  
  109  9:46  Stargate  
  109  9:52  Pylon  
  109  9:53  Pylon  
  109  9:56  Pylon  
  109  10:01  Pylon  
  109  10:05  Anion Pulse-Crystals  
  109  10:06  Twilight Council  
  85  10:40  Phoenix x6  
  85  10:41  Phoenix x2  
  94  11:04  Photon Cannon  
  92  11:05  Phoenix x2  
  96  11:22  Photon Cannon  
  96  11:24  Pylon  
  96  11:26  Pylon  
  96  11:28  Pylon  
  96  11:30  Pylon  
  95  11:35  Pylon  
  95  11:50  Probe  
  95  11:51  Probe  
  97  11:58  Photon Cannon  
  97  12:00  Photon Cannon  
  97  12:01  Shield Battery  
  97  12:03  Shield Battery, Probe x2  
  97  12:06  Photon Cannon  
  99  12:08  Photon Cannon  
  99  12:09  Shield Battery  
  99  12:12  Shield Battery  
  99  12:15  Probe x2  
  101  12:17  Phoenix  
  101  12:18  Phoenix x6  
  101  12:19  Phoenix  
  117  12:27  Probe x2  
  119  12:39  Probe x2  
  119  12:42  Phoenix x2  
  119  12:43  Phoenix x3  
  131  12:56  Nexus  
  131  12:58  Pylon  
  131  13:09  Protoss Shields Level 2  
  131  13:22  Protoss Air Armor Level 1  
  131  13:24  Protoss Air Weapons Level 2  
  159  13:31  Void Ray  
  159  13:32  Void Ray x5  
  159  13:33  Void Ray  
  166  14:46  Void Ray x2  
  166  14:47  Void Ray x6  
  166  15:03  Probe x2  
  168  15:15  Probe x2  
  170  15:21  Pylon  
  170  15:22  Pylon  
  170  15:24  Pylon  
  170  15:27  Probe x2, Pylon  
  176  15:29  Void Ray  
  176  15:39  Probe  
  176  15:40  Probe  
  179  15:50  Void Ray x2  
  179  15:51  Probe  
Show
View Real Time Build Order
Export as new Build Order

Ferdupe Terran 

Build Orders:  

Get SALT Encoding   

  12  0:02  SCV  
  13  0:14  SCV  
  14  0:25  Supply Depot  
  14  0:26  SCV  
  15  0:31  Refinery  
  15  0:49  Barracks  
  15  0:50  SCV  
  16  1:02  SCV  
  17  1:13  Refinery  
  17  1:15  SCV  
  18  1:24  Supply Depot  
  18  1:27  SCV  
  19  1:41  Factory  
  19  1:53  Barracks Reactor  
  19  1:56  Orbital Command  
  19  2:06  Engineering Bay  
  19  2:41  Command Center  
  19  2:46  Hellion  
  21  2:51  Hellion  
  23  3:03  Missile Turret  
  23  3:17  Starport  
  23  3:33  SCV  
  24  3:45  SCV  
  24  3:47  Hellion x2  
  29  3:55  Viking  
  29  3:57  SCV  
  32  4:02  Orbital Command  
  32  4:21  SCV  
  33  4:31  SCV  
  34  4:33  SCV  
  35  4:43  SCV  
  35  4:45  SCV  
  37  4:55  SCV  
  37  4:57  SCV  
  39  5:07  SCV  
  39  5:09  SCV  
  41  5:16  Missile Turret  
  41  5:17  Missile Turret  
  41  5:19  SCV  
  42  5:22  Liberator  
  42  5:26  Factory Tech Lab  
  45  5:29  Liberator  
  48  5:39  Refinery  
  48  6:01  Starport  
  48  6:03  Refinery  
  48  6:04  Starport  
  48  6:05  Liberator  
  48  6:06  Supply Depot  
  51  6:12  Liberator  
  54  6:28  SCV  
  54  6:30  Supply Depot  
  55  6:40  Fusion Core, SCV  
  56  6:47  Liberator  
  56  6:52  SCV  
  60  7:04  SCV  
  61  7:13  Starport Reactor x2  
  61  7:15  Command Center  
  61  7:16  SCV  
  62  7:26  Armory x2  
  62  7:28  SCV  
  63  7:32  Advanced Ballistics  
  63  7:40  SCV  
  64  7:46  Supply Depot  
  64  7:47  Supply Depot  
  64  8:10  Supply Depot  
  64  8:12  Liberator, Supply Depot  
  64  8:13  Liberator x4  
  79  8:21  Terran Ship Weapons Level 1  
  79  8:22  Terran Vehicle And Ship Armor Level 1  
  79  8:36  Supply Depot  
  79  8:38  Supply Depot  
  79  8:39  Liberator  
  82  8:55  Liberator  
  82  8:56  Liberator  
  82  9:00  Supply Depot  
  82  9:02  Supply Depot  
  80  9:29  Command Center  
  80  9:36  Planetary Fortress  
  71  9:51  Liberator x5  
  83  10:44  Liberator x4  
  83  10:46  Command Center  
  95  10:51  Planetary Fortress  
  95  10:54  SCV x2  
  97  11:06  SCV x2  
  99  11:18  SCV x2  
  101  11:30  SCV x2  
  103  11:42  SCV  
  103  11:43  SCV  
  105  11:49  SCV  
  106  11:54  SCV  
  106  11:55  SCV  
  108  12:01  SCV  
  108  12:05  Planetary Fortress  
  108  12:06  SCV  
  108  12:07  SCV  
  111  12:13  SCV, Refinery  
  112  12:15  Refinery  
  112  12:16  Refinery  
  112  12:18  SCV, Refinery  
  112  12:19  SCV  
  112  12:25  SCV  
  111  12:30  SCV  
  111  12:31  SCV  
  113  12:37  SCV  
  112  13:12  Liberator x4  
  114  13:13  Liberator x2  
  123  13:45  SCV  
  120  13:55  Liberator x6  
  117  13:57  SCV  
  133  14:09  SCV  
  128  14:21  SCV  
  118  14:33  SCV  
  118  14:38  Liberator x2  
  125  14:50  SCV  
  123  15:02  SCV  
  123  15:11  SCV  
  124  15:15  SCV  
  125  15:23  SCV  
  125  15:27  SCV  
  127  15:34  Command Center  
  127  15:35  SCV  
  128  15:37  Command Center  
  128  15:39  SCV  
  129  15:47  SCV  
  126  15:51  SCV  
  123  15:59  SCV  
  123  16:03  SCV  
  122  16:11  SCV  
  122  16:15  SCV  
  122  16:23  SCV  
  122  16:27  SCV  
  123  16:35  SCV  
  123  16:39  SCV  
  125  16:47  SCV, Refinery  
Show
View Real Time Build Order
Export as new Build Order

tuxtla Protoss 

Build Orders: Nexus First, Carriers 

Get SALT Encoding   

  12  0:00  Probe (Chrono Boost)  
  13  0:09  Probe (Chrono Boost)  
  14  0:14  Probe  
  15  0:32  Pylon  
  15  0:50  Probe  
  16  0:59  Nexus  
  16  1:07  Gateway  
  16  1:09  Probe (Chrono Boost)  
  17  1:18  Assimilator  
  17  1:20  Probe (Chrono Boost)  
  17  1:25  Probe (Chrono Boost)  
  18  1:28  Assimilator  
  19  1:35  Probe  
  20  1:47  Probe  
  21  1:57  Cybernetics Core  
  21  1:59  Probe  
  21  2:00  Forge  
  22  2:07  Pylon  
  22  2:12  Probe (Chrono Boost)  
  23  2:17  Probe (Chrono Boost)  
  25  2:24  Probe (Chrono Boost)  
  25  2:26  Probe (Chrono Boost)  
  25  2:29  Probe (Chrono Boost)  
  26  2:31  Probe (Chrono Boost)  
  28  2:38  Stargate, Probe  
  28  2:43  Assimilator, Probe  
  30  2:52  Photon Cannon  
  30  2:54  Probe  
  31  3:02  Probe  
  32  3:08  Assimilator  
  32  3:11  Stargate  
  32  3:16  Probe x2  
  38  3:27  Void Ray (Chrono Boost)  
  38  3:28  Probe  
  38  3:31  Pylon  
  39  3:40  Probe x2  
  41  4:00  Void Ray (Chrono Boost)  
  49  4:07  Void Ray (Chrono Boost)  
  49  4:15  Probe x2  
  51  4:25  Nexus  
  51  4:45  Pylon  
  51  4:47  Pylon, Probe x2  
  51  4:50  Unknown  
  53  5:02  Pylon  
  61  5:08  Void Ray  
  61  5:09  Void Ray  
  61  5:25  Nexus  
  61  5:32  Shield Battery  
  60  5:40  Probe x2  
  60  5:41  Probe  
  67  5:51  Void Ray  
  67  5:52  Probe  
  67  5:53  Probe x2  
  74  5:58  Void Ray  
  74  6:02  Protoss Shields Level 1  
  74  6:06  Probe  
  74  6:07  Photon Cannon, Probe x2  
  77  6:19  Probe x3  
  80  6:27  Pylon  
  80  6:30  Pylon  
  80  6:31  Probe  
  81  6:34  Cybernetics Core  
  81  6:35  Protoss Air Weapons Level 1 (Chrono Boost)  
  81  6:36  Twilight Council  
  85  6:52  Void Ray  
  85  6:54  Void Ray  
  89  6:58  Fleet Beacon  
  89  7:00  Probe x2  
  91  7:07  Probe  
  91  7:08  Probe  
  93  7:12  Assimilator, Probe x2  
  95  7:17  Assimilator  
  95  7:19  Probe  
  95  7:20  Probe  
  95  7:21  Photon Cannon  
  97  7:23  Pylon  
  97  7:24  Probe  
  98  7:30  Pylon  
  98  7:33  Pylon  
  98  7:35  Phoenix  
  100  7:40  Stargate  
  100  7:41  Protoss Air Armor Level 1 (Chrono Boost)  
  100  7:43  Stargate  
  100  7:45  Stargate  
  100  7:48  Stargate  
  100  7:55  Stargate  
  100  7:59  Pylon  
  100  8:01  Pylon  
  100  8:03  Flux Vanes  
  100  8:04  Carrier  
  106  8:09  Probe  
  106  8:10  Probe x3  
  110  8:13  Protoss Shields Level 2 (Chrono Boost)  
  110  8:19  Photon Cannon  
  110  8:21  Probe  
  111  8:30  Carrier  
  117  8:34  Protoss Air Weapons Level 2 (Chrono Boost)  
  117  8:45  Carrier  
  123  8:59  Carrier  
  124  9:38  Probe x4  
  127  9:46  Carrier  
  127  9:47  Carrier x2  
  145  10:14  Probe x3  
  145  10:24  Carrier  
  144  10:30  Probe x3  
  147  10:36  Probe  
  148  10:43  Pylon  
  148  10:45  Pylon  
  148  10:50  Probe  
  148  10:51  Probe  
  148  10:53  Photon Cannon  
  148  10:55  Photon Cannon  
  148  10:56  Carrier  
  148  11:01  Carrier  
  148  11:04  Carrier  
  159  11:07  Photon Cannon  
  159  11:09  Photon Cannon, Probe  
  159  11:10  Probe x3  
  159  11:11  Photon Cannon  
  163  11:12  Shield Battery  
  163  11:22  Probe  
  163  11:25  Pylon  
  164  11:43  Probe x4  
  168  11:55  Probe x4  
  170  12:12  Probe  
  129  12:43  Carrier  
  121  12:59  Probe x2  
  100  13:43  Carrier  
  100  13:48  Pylon  
  100  13:50  Pylon  
  100  13:53  Pylon  
  100  13:55  Pylon  
  100  13:56  Pylon x2  
  100  13:58  Pylon  
  100  14:06  Pylon  
  100  14:09  Pylon  
  94  14:11  Carrier, Probe x2  
  94  14:13  Carrier  
  94  14:14  Carrier x3  
  94  14:16  Carrier  
  132  14:27  Nexus  
  131  14:47  Carrier  
  137  15:04  Nexus  
  137  15:25  Nexus  
Show
View Real Time Build Order
Export as new Build Order

anhai Protoss 

Build Orders: Nexus First 

Get SALT Encoding   

  12  0:02  Probe (Chrono Boost)  
  13  0:11  Probe (Chrono Boost)  
  14  0:20  Probe  
  15  0:51  Pylon  
  15  0:57  Nexus  
  15  1:09  Probe  
  15  1:10  Forge  
  16  1:21  Pylon, Probe (Chrono Boost)  
  17  1:30  Assimilator  
  18  1:33  Probe (Chrono Boost)  
  18  1:50  Photon Cannon  
  18  1:52  Photon Cannon  
  18  1:55  Probe  
  19  2:08  Gateway  
  19  2:09  Probe  
  20  2:15  Assimilator  
  20  2:16  Probe  
  21  2:28  Probe  
  22  2:32  Pylon  
  22  2:40  Probe x2  
  24  2:52  Probe  
  24  2:53  Gateway  
  25  2:58  Cybernetics Core  
  25  3:04  Probe  
  26  3:06  Photon Cannon  
  26  3:07  Probe  
  27  3:16  Probe  
  27  3:19  Probe  
  29  3:26  Photon Cannon  
  29  3:29  Probe  
  29  3:31  Probe  
  31  3:35  Photon Cannon  
  31  3:41  Assimilator  
  31  3:42  Probe  
  31  3:43  Probe  
  31  3:48  Stalker  
  35  3:54  Probe  
  36  3:55  Probe  
  37  4:03  Twilight Council  
  37  4:08  Pylon  
  37  4:10  Probe  
  37  4:11  Probe  
  37  4:16  Shield Battery  
  39  4:21  Photon Cannon  
  39  4:29  Pylon, Stalker  
  41  4:37  Stalker  
  43  4:44  Stargate  
  43  4:48  Blink  
  43  4:59  Photon Cannon, Stalker  
  45  5:07  Stalker  
  45  5:08  Assimilator  
  45  5:09  Probe x2  
  49  5:17  Shield Battery  
  49  5:20  Pylon  
  49  5:29  Stalker, Phoenix  
  49  5:33  Shield Battery  
  53  5:42  Gateway, Pylon  
  53  5:52  Stalker  
  53  5:53  Pylon  
  53  5:54  Phoenix  
  57  6:07  Pylon  
  57  6:09  Photon Cannon  
  57  6:13  Photon Cannon  
  57  6:18  Photon Cannon  
  57  6:19  Phoenix  
  57  6:22  Stalker  
  61  6:31  Stalker  
  63  6:44  Phoenix  
  65  6:51  Probe  
  65  6:52  Probe  
  67  7:00  Pylon  
  67  7:03  Photon Cannon, Probe  
  67  7:04  Stalker  
  67  7:07  Protoss Ground Weapons Level 1 (Chrono Boost)  
  70  7:08  Photon Cannon  
  70  7:09  Phoenix  
  70  7:12  Protoss Air Weapons Level 1  
  72  7:25  Forge  
  72  7:27  Cybernetics Core, Pylon  
  72  7:35  Phoenix  
  74  7:39  Stargate  
  74  7:47  Stargate  
  74  7:59  Zealot x3  
  74  8:01  Protoss Shields Level 1  
  74  8:05  Warp Gate  
  80  8:11  Phoenix  
  82  8:43  Phoenix  
  84  8:50  Charge  
  84  8:54  Nexus  
  84  8:57  Assimilator  
  84  9:01  Assimilator  
  84  9:04  Pylon  
  84  9:07  Pylon  
  84  9:08  Zealot x2  
  84  9:09  Zealot  
  90  9:10  Pylon  
  90  9:14  Phoenix  
  92  9:28  Robotics Facility  
  92  9:30  Pylon  
  92  9:32  Phoenix  
  92  9:35  Zealot  
  92  9:37  Protoss Ground Armor Level 1  
  96  9:56  Protoss Air Armor Level 1  
  96  10:01  Gateway  
  96  10:02  Gateway  
  96  10:07  Gateway, Probe  
  97  10:19  Probe  
  96  10:31  Probe  
  89  10:41  Phoenix x3  
  81  10:56  Zealot  
  81  10:57  Zealot x4  
  83  11:04  Shield Battery  
  83  11:06  Phoenix  
  83  11:07  Shield Battery  
  83  11:09  Shield Battery  
  85  11:15  Phoenix  
  87  11:23  Observer  
  88  11:35  Phoenix x2  
  92  11:40  Observer, Phoenix  
  92  11:42  Photon Cannon  
  92  11:45  Photon Cannon  
  95  11:55  Probe (Chrono Boost)  
  95  11:58  Observer  
  95  11:59  Protoss Shields Level 2  
  95  12:00  Phoenix  
  98  12:06  Probe (Chrono Boost)  
  100  12:09  Fleet Beacon  
  100  12:10  Probe (Chrono Boost)  
  83  12:51  Tempest (Chrono Boost)  
  83  12:52  Tempest x2 (Chrono Boost)  
  98  13:10  Protoss Air Weapons Level 2, Pylon  
  94  13:13  Pylon  
  94  13:18  Stargate  
  92  13:21  Stargate  
  92  13:41  Zealot  
  92  13:42  Zealot x2  
  98  13:51  Stalker x3  
  104  13:57  Tempest  
  104  13:58  Tempest x2  
  119  14:12  Photon Cannon  
  119  14:14  Photon Cannon  
  119  14:17  Photon Cannon  
  119  14:25  Stalker x3  
  125  14:40  Tempest x2  
  135  14:46  Tempest  
  140  15:04  Stalker x3  
  140  15:05  Stalker x2  
  148  15:39  Stalker x4  
  148  15:40  Stalker  
  158  15:59  Tempest  
  158  16:00  Tempest  
  168  16:10  Stalker x2  
  170  16:17  Stalker  
  170  16:18  Stalker  
  172  16:40  Pylon  
  172  16:46  Pylon  
  170  16:47  Pylon  
Tags
 
Add a new tag
Caveats
  • Supply blocks, unpowered buildings, or Contaminate may cause inaccurate times.
  • Supply counts are checked every 10 seconds.